 Dungeon Crawl Stone Soup version 0.30-a0-777-ga9a30cbeda (webtiles) character file.

Game seed: 7055075040051774280

9 Esekla the Sneak (level 2, 21/21 HPs)
             Began as an Octopode Delver on Feb 15, 2023.
             Quit the game in the Ecumenical Temple.
             The game lasted 00:01:59 (142 turns).

Esekla the Sneak (Octopode Delver)                   Turns: 142, Time: 00:02:00

Health: 21/21      AC:  1    Str: 11    XL:     2   Next: 12%
Magic:  2/2        EV: 13    Int: 12    God:
Gold:   9          SH:  0    Dex: 13    Spells: 1/1 levels left

rFire   . . .      SeeInvis .    a - +0 falchion
rCold   . . .      Faith    .    (no shield)
rNeg    . . .      Spirit   .    (helmet restricted)
rPois   .          Reflect  .    (no amulet)
rElec   .          Harm     .    (no ring)
rCorr   .          Rampage  .    (no ring)
Will    .....                    (no ring)
Stlth   ++++                     (no ring)
HPRegen 0.23/turn                (no ring)
MPRegen 0.08/turn                (no ring)
                                 (no ring)
                                 (no ring)

@: no status effects
A: almost no armour, amphibious, 8 rings, camouflage 1, gelatinous body 1,
(nimble swimmer 1), tentacles
a: no special abilities


You were in the Ecumenical Temple.
You visited 2 branches of the dungeon, and saw 2 of its levels.

You collected 9 gold pieces.

Inventory:

Hand Weapons
 a - a +0 falchion (weapon)
Wands
 f - a wand of digging (3)
Scrolls
 b - a scroll of fog
 c - a scroll of enchant armour {unknown}
Potions
 e - a potion of haste


   Skills:
 * Level 3.1 Fighting
 * Level 2.1 Long Blades
 * Level 2.1 Dodging
 + Level 6.8 Stealth
 * Level 0.2 Spellcasting


You had one spell level left.
You didn't know any spells.
Your spell library was empty.

Dungeon Overview and Level Annotations

Branches:
Dungeon (5/15)             Temple (1/1) D:5

Altars:
Ashenzari
Cheibriados
Fedhas
Kikubaaqudgha
Nemelex Xobeh
Ru
Sif Muna
Trog
Uskayaw
Vehumet
Wu Jian
Xom
Yredelemnul
Zin


Innate Abilities, Weirdness & Mutations

You cannot wear most types of armour.
You are amphibious.
You can wear up to eight rings at the same time.
Your skin changes colour to match your surroundings (Stealth+).
Your rubbery body absorbs attacks. (AC +1, EV +1)
((You are camouflaged when in or above water. (Stealth+)))
You have tentacles for arms and can constrict up to eight enemies at once.


Message History

You have reached level 2!
Found a scroll labelled MOOWKIQYURR.
c - a scroll labelled MOOWKIQYURR A scorpion comes into view.
Found a stone staircase leading down.
You open the door.
Found a radiant altar of Vehumet.
A hound comes into view.
There is an open door here.
You open the door. 3 gnolls come into view.
The gnoll shouts! x2; You hear an angry growl.
The gnoll moves out of view.
Found a fizzy brown potion.
The hound barks!
A black bear comes into view.
A gnoll comes into view. It is wielding a +0 whip.
There is an open door here.
The gnoll hits you from afar with a +0 spear!
The gnoll shouts!
As you read the scroll of fear, it crumbles to dust.
You assume a fearsome visage.
The gnoll looks frightened!
The gnoll shouts!
The gnoll looks frightened! x3; The hound looks frightened!
The black bear looks frightened!
Found a stone staircase leading up.
Found a staircase to the Ecumenical Temple.
There is a staircase to the Ecumenical Temple here.
You climb downwards.
Welcome to the Ecumenical Temple!
There is a staircase back to the Dungeon here.
HP restored.
There is a staircase back to the Dungeon here.
There is a staircase back to the Dungeon here.
Found a glowing silver altar of Zin.
Found an ornate altar of the Wu Jian Council.
Found four altars.
Found four altars.
Found a bloodstained altar of Trog and a sparkling altar of Nemelex Xobeh.
There is a snail-covered altar of Cheibriados here.
Are you sure you want to abandon this character and quit the game? (Confirm with "yes".)

♣.........#...#...#...
♣.......................
♣.......#..._..._...#...
♣♣.......................
♣......#...............#.
♣........................
♣........_..._..._..._...
♣........................
♣......#.....@.........#.
♣........................
♣........_..._..._..._...
♣........................
♣......#...............#.
♣♣.......................
♣.......#..._..._...#...
♣.......................
...#...#...#.....


There were no monsters in sight!

Vanquished Creatures
  An adder (D:5)
1 creature vanquished.

Notes
Turn   | Place    | Note
-------+----------+-------------------------------------------
     0 | D:5      | Esekla the Octopode Delver began the quest for the Orb.
     0 | D:5      | Reached XP level 1. HP: 16/16 MP: 1/1
     2 | D:5      | Noticed a hound
    26 | D:5      | Found a broken altar of Ashenzari.
    31 | D:5      | Reached XP level 2. HP: 17/21 MP: 2/2
    46 | D:5      | Noticed a scorpion
    48 | D:5      | Found a radiant altar of Vehumet.
    54 | D:5      | Noticed a black bear
    73 | D:5      | Found a staircase to the Ecumenical Temple.
    78 | Temple   | Entered the Ecumenical Temple
   142 | Temple   | Quit the game

Illustrated notes

Levels and vault maps discovered:
D:5:      layout_cave_pools, mainiacjoe_overflow_six_doors_small,
          nicolae_vehumet_altar_sigil, minmay_temple_entry_nine_rooms
Temple:   nicolae_temple_godzebo

Action                     || total
---------------------------++-------
  Melee: Falchion          ||     4
    Use: Scroll            ||     2
  Dodge: Dodged            ||     4

Table legend: (Time is in decaauts)
 A = Elapsed time spent in this place.
 B = Non-inter-level travel time spent in this place.
 C = Inter-level travel time spent in this place.
 D = Time resting spent in this place.
 E = Time spent auto-exploring this place.
 F = Levels seen in this place.
 G = Mean time per level.
                   A        B        C        D        E       F      G
               +--------+--------+--------+--------+--------+-----+--------+
         Total |    142 |    142 |      0 |      0 |     43 |   2 |   71.0 |
       Dungeon |     78 |     78 |      0 |      0 |      0 |   1 |   78.0 |
        Temple |     63 |     63 |      0 |      0 |     43 |   1 |   63.0 |
               +--------+--------+--------+--------+--------+-----+--------+

Top non-repeatable levels by time:
     D:5: 78 daAuts
  Temple: 63 daAuts
